 Dungeon Crawl Stone Soup version 0.30.0-29-ga12c61a403 (webtiles) character file.

Game seed: 7688460671483606579

79 Iich the Shield-Bearer (level 4, -3/40 HPs)
             Began as a Minotaur Fighter on June 24, 2023.
             Slain by a troll (11 damage)
             ... on level 7 of the Dungeon.
             The game lasted 00:14:58 (1784 turns).

Iich the Shield-Bearer (Minotaur Fighter)           Turns: 1784, Time: 00:14:58

Health: -3/40      AC:  9    Str: 21    XL:     4   Next: 17%
Magic:  3/3        EV:  9    Int:  5    God:
Gold:   153        SH:  4    Dex: 11    Spells: 3/3 levels left

rFire   . . .        q - +0 flail
rCold   + . .        c - +0 buckler
rNeg    . . .        b - +0 scale mail
rPois   .            (helmet restricted)
rElec   .            g - scarf {repulsion}
rCorr   .            p - +1 pair of gloves
SInv    .            (no boots)
Will    .....        (no amulet) Stlth
                     I - ring of protection from cold
HPRegen 0.26/turn    (no ring)
MPRegen 0.08/turn

%: repel missiles
@: no status effects
A: horns 2, retaliatory headbutt
a: no special abilities


You were on level 7 of the Dungeon.
You visited 1 branch of the dungeon, and saw 5 of its levels.

You collected 153 gold pieces.

Inventory:

Hand Weapons
 a - a +0 war axe
 e - a +0 whip
 l - a +0 dagger
 q - a +0 flail (weapon)
Armour
 b - a +0 scale mail (worn)
 c - a +0 buckler (worn)
 g - a scarf of repulsion (worn)
 o - a +0 helmet
 p - a +1 pair of gloves (worn)
Jewellery
 k - a ring of ice
 I - a ring of protection from cold (left hand)
Wands
 j - a wand of polymorph (10)
Scrolls
 f - a scroll of fog {unknown}
 m - a scroll of teleportation {unknown}
 B - a scroll of blinking
Potions
 d - a potion of might
 h - a potion of curing {unknown}
 i - a potion of attraction {unknown}
 n - a potion of mutation {unknown}


   Skills:
 + Level 4.2 Fighting
 - Level 3.6 Axes
 * Level 0.3(2.2) Maces & Flails
 + Level 4.3 Armour
 + Level 4.3 Shields


You had 3 spell levels left.
You didn't know any spells.
Your spell library was empty.

Dungeon Overview and Level Annotations

Branches:
Dungeon (4/15)
 Temple: D:4-7

Altars:


Innate Abilities, Weirdness & Mutations

You have a pair of horns on your head.
You reflexively headbutt those who attack you in melee.


Message History

You start resting.
HP restored.
Health restored: 40 You start waiting.
Done waiting.
You start waiting.
Done waiting.
You now have 153 gold pieces (gained 17).
There is a shaft here.
You fall into a shaft and drop 3 floors!
The shaft crumbles and collapses.
Found a leather armour.
Found a steaming robe.
A steam dragon and a troll come into view.
Found a scroll of identify.
The steam dragon hisses angrily.
The troll barely misses you. The troll claws you. You block the troll's attack.
You take 3 damage, and have 37/40 hp.
You hit the troll. Your headbutt misses the troll.
The troll is lightly wounded.
The troll barely misses you. The troll claws you but does no damage.
The troll claws you.
You take 5 damage, and have 32/40 hp.
You closely miss the troll. You headbutt the troll.
The troll is moderately wounded.
The troll bites you. The troll claws you but does no damage.
The troll claws you.
You take 10 damage, and have 22/40 hp. !!!!--MASSIVE DAMAGE--!!!!
You hit the troll. You headbutt the troll!
The troll is severely wounded.
The troll bites you.
* * * LOW HITPOINT WARNING * * *
The troll claws you!
* * * LOW HITPOINT WARNING * * *
You block the troll's attack.
You take 15 damage, and have 7/40 hp. !!!!--MASSIVE DAMAGE--!!!!
You hit the troll.
The troll is severely wounded.
The troll bites you!
You die...

#### # ..# .## #.#
...# ########.#####
.....
.........D...#......
#.@T....[.....
.......#.###.#......
.##.##.#.# .#.#...[.
#.....# #.....?
###.## ###.#. #.# #
#.# ...


You could see a troll and a steam dragon.

Vanquished Creatures
  An orc priest (D:4)
  An adder (D:2)
  An ufetubus (D:4)
  A worm (D:3)
  A dart slug (D:2)
  4 orcs (D:4)
  An endoplasm (D:1)
  A giant cockroach (D:3)
  3 goblins
  4 hobgoblins
  2 kobolds
  2 ball pythons (D:2)
  2 bats (D:2)
  2 rats (D:2)
26 creatures vanquished.

Notes
Turn   | Place    | Note
-------+----------+-------------------------------------------
     0 | D:1      | Iich the Minotaur Fighter began the quest for the Orb.
     0 | D:1      | Reached XP level 1. HP: 19/19 MP: 0/0
   379 | D:2      | Reached XP level 2. HP: 27/27 MP: 1/1
  1363 | D:3      | Reached XP level 3. HP: 33/33 MP: 2/2
  1432 | D:4      | Reached XP level 4. HP: 27/40 MP: 3/3
  1772 | D:4      | You fall into a shaft and drop 3 floors!
  1774 | D:7      | Noticed a steam dragon
  1774 | D:7      | Noticed a troll
  1784 | D:7      | Slain by a troll

Illustrated notes

Levels and vault maps discovered:
D:1:      nicolae_arrival_washed_ashore, layout_rooms
D:2:      layout_loops_ring, serial_shops, nicolae_shop_crystal,
          kennysheep_big_empty_room, minmay_misc_feat_alley,
          uniq_crazy_yiuf_cottage
D:3:      layout_rooms
D:4:      layout_basic, gammafunk_ghost_icy, uniq_duvessa
D:7:      layout_loops_ring, mainiacjoe_overflow_tiny_flanked,
          kennysheep_vampire_church, mainiacjoe_overflow_chevrons, minitemple,
          minmay_temple_entry_gardened_gates, grunt_decor_cap, the_hattery

Skill      XL: |  1  2 |
---------------+-------+-----
Fighting       | 4 |  4.2
Armour         | 4 |  4.3
Shields        | 4 |  4.3
Axes           | 3 |  3.6
Maces & Flails | |  0.3

Action                     |  1- 3 |  4- 6 || total
---------------------------+-------+-------++-------
  Melee: War axe           |    50 |       ||    50
         Headbutt          |     9 |     4 ||    13
         Flail             |       |    12 ||    12
    Use: Scroll            |     3 |       ||     3
 Armour: Scale mail        |    48 |    13 ||    61
  Dodge: Dodged            |    37 |    18 ||    55
  Block: Buckler           |    20 |     7 ||    27
